 Dungeon Crawl Stone Soup version 0.21-a0-630-g344d351 (webtiles) character file.

111 tidbits the Insei (level 4, 11/34 HPs)
             Began as a Gnoll Transmuter on Dec 26, 2017.
             Quit the game on level 3 of the Dungeon.
             The game lasted 00:05:10 (444 turns).

tidbits the Insei (Gnoll Transmuter)                 Turns: 444, Time: 00:05:10

Health: 11/34      AC:  2    Str: 13    XL:     4   Next: 92%
Magic:  1/11       EV: 15    Int: 16    God:
Gold:   59         SH:  0    Dex: 15    Spells: 7/13 levels left

rFire    . . .     SeeInvis .     - Unarmed
rCold    . . .     Gourm    .   (no shield)
rNeg     . . .     Faith    .   b - +0 robe
rPois    .         Spirit   .   (no helmet)
rElec    .         Reflect  .   (no cloak)
rCorr    .         Harm     .   (no gloves)
MR       .....                  (boots currently unavailable)
Stlth    ++........             (no amulet)
HPRegen  0.11/turn              (no ring)
MPRegen  0.12/turn              (no ring)

@: lethally poisoned (11 -> -19), appendage
A: distributed training, fangs 1, talons 3, strong nose
a: End Transformation


You were on level 3 of the Dungeon.
You were not hungry.
You had grown temporary talons.
You visited 1 branch of the dungeon, and saw 5 of its levels.

You collected 59 gold pieces.

Inventory:

Hand Weapons
 d - a +0 dagger
 h - a +0 short sword
Missiles
 a - 5 arrows
Armour
 b - a +0 robe (worn)
Scrolls
 e - 3 scrolls of remove curse {unknown}
 f - 2 scrolls of enchant weapon {unknown}
 g - a scroll of amnesia {unknown}
 i - a scroll of immolation {unknown}
 l - a scroll of teleportation {unknown}
Books
 c - a book of Changes

   Spells                             Type                      Level
   a - Beastly Appendage              Transmutation                1
   b - Sticks to Snakes               Transmutation                2
   c - Spider Form                    Transmutation/Poison         3
   d - Ice Form                       Ice/Transmutation            4
   e - Blade Hands                    Transmutation                5
Comestibles
 j - 2 rations


   Skills:
 + Level 2.8 Fighting
 + Level 1.2 Short Blades
 + Level 1.2 Long Blades
 + Level 1.2 Axes
 + Level 1.2 Maces & Flails
 + Level 1.2 Polearms
 + Level 1.2 Staves
 + Level 1.2 Slings
 + Level 1.2 Bows
 + Level 1.2 Crossbows
 + Level 1.2 Throwing
 + Level 1.2 Armour
 + Level 4.7 Dodging
 + Level 1.2 Stealth
 + Level 1.2 Shields
 + Level 6.6 Unarmed Combat
 + Level 5.1 Spellcasting
 + Level 1.0 Conjurations
 + Level 1.0 Hexes
 + Level 1.0 Charms
 + Level 1.0 Summonings
 + Level 1.0 Necromancy
 + Level 1.0 Translocations
 + Level 3.9 Transmutations
 + Level 1.0 Fire Magic
 + Level 1.0 Ice Magic
 + Level 1.0 Air Magic
 + Level 1.0 Earth Magic
 + Level 1.0 Poison Magic
 + Level 1.4 Invocations
 + Level 1.2 Evocations


You had 7 spell levels left.
You knew the following spells:

 Your Spells              Type           Power        Failure   Level  Hunger
e - Beastly Appendage     Tmut           ###...       3%          1    None
k - Sticks to Snakes      Tmut           ###.....     4%          2    #......
p - Spider Form           Tmut/Pois      ##........   16%         3    ###....


Dungeon Overview and Level Annotations

Branches:
Dungeon (5/15)
 Temple: D:4-7

Altars:
Qazlal
Sif Muna

Annotations:
D:3 Natasha; tsouns's ghost, amateur OpAs
D:4 ZomBoFoB's ghost, novice OgGl


Innate Abilities, Weirdness & Mutations

Your experience applies equally to all skills.
You have very sharp teeth.
Your uncanny sense of smell can sniff out nearby items.
You have claws for feet.


Message History

You bite the worm!
You kill the worm!
Found 2 gold pieces.
An adder comes into view.
The adder hisses angrily.
The orc wizard casts a spell.
The orc wizard blinks!
Tsouns's ghost (amateur Octopode Assassin) comes into view.
The orc wizard mumbles some strange words.
The orc wizard blinks!
Your transformation is almost over.
You hit the adder.
The adder is poisoned.
The adder is moderately wounded.
The adder misses you.
You hit the adder.
The adder looks as sick as possible!
The adder is heavily wounded.
The adder completely misses you.
You hit the adder.
You kill the adder!
You aren't carrying any potions.
Unknown command.
You aren't carrying any potions.
Unknown command.
Casting: Spider Form
Confirm with . or Enter, or press ? or * to list all spells.
You create 2 snakes!
You now have 5 arrows.
Tsouns's ghost misses your adder.
You aren't carrying any potions.
Unknown command.
Unknown command.
Tsouns's ghost hits your adder.
You hit the orc wizard.
The orc wizard is poisoned.
The orc wizard is heavily wounded.
Your adder barely misses tsouns's ghost.
The orc wizard casts a spell.
The orc wizard blinks!
You swap places.
Your transformation has ended.
Your +0 robe unmelds from your body.
Tsouns's ghost hits you but does no damage.
There is an open door here.
Your extra speed is starting to run out.
Tsouns's ghost closely misses your adder.
You swap places.
Your adder barely misses tsouns's ghost.
Tsouns's ghost hits your adder.
Your adder barely misses tsouns's ghost.
Your adder barely misses tsouns's ghost.
Tsouns's ghost whispers, "Meet the emptiness of death!"
Tsouns's ghost hits your adder.
Your adder dies!
You feel yourself slow down.
Your ball python bites the orc wizard but does no damage.
Your ball python grabs the orc wizard.
Your ball python constricts the orc wizard.
Tsouns's ghost hits your ball python.
The orc wizard hits your ball python with a dagger.
Your ball python dies!
Things that are here:
a hand axe; a leather armour
Press: ? - help, v - describe, . - travel
Here: an orc, wielding a whip of venom and wearing a ring mail The floor.
Unknown command.
Casting: Sticks to Snakes
Confirm with . or Enter, or press ? or * to list all spells.
You don't have enough magic to cast that spell.
You closely miss the orc. The orc closely misses you.
Casting: Sticks to Snakes
Confirm with . or Enter, or press ? or * to list all spells.
Your feet morph into talons.
You kill the orc wizard!
Your Conjurations skill increases to level 1!
Your Hexes skill increases to level 1!
Your Charms skill increases to level 1!
Your Summonings skill increases to level 1!
Your Necromancy skill increases to level 1!
Your Translocations skill increases to level 1!
Your Fire Magic skill increases to level 1!
Your Ice Magic skill increases to level 1!
Your Air Magic skill increases to level 1!
Your Earth Magic skill increases to level 1!
Your Poison Magic skill increases to level 1!
The orc misses you.
You barely miss the orc. You hit the orc but do no damage.
The orc hits you with a whip of venom.
You are poisoned.
You hit the orc.
The orc is lightly wounded.
You feel sick. The orc hits you with a whip of venom.
You are lethally poisoned!
Tsouns's ghost hits you.
You closely miss the orc. Your kick misses the orc.
You bite the orc, but do no damage.
The orc is lightly wounded.
* * * LOW HITPOINT WARNING * * *
You feel sick. The orc hits you with a whip of venom.
* * * LOW HITPOINT WARNING * * *
You are more poisoned.
Tsouns's ghost hits you.
* * * LOW HITPOINT WARNING * * *
Are you sure you want to abandon this character and quit the game? (Confirm with "yes".)

#o##.......
###########'######.##
#............# ##.##
#.........≈..# #..).
#..≈≈≈≈≈≈.≈.$# #####
#..≈..).≈.≈..#
#..≈.≈≈.≈.≈..#
#..≈oW8?≈)≈..#
#..≈@≈≈≈≈.≈..#
#..≈......≈..#
#..≈≈≈≈≈≈§≈..#
#.....§§.....#
#............#
##############


You could see tsouns's ghost and an orc.

Vanquished Creatures
  A hound (D:4)
  An orc wizard (D:3)
  3 adders (D:3)
  2 worms
  A dart slug (D:2)
  A leopard gecko (D:2)
  A bat (D:2)
  A giant cockroach (D:3)
  4 goblins
  2 hobgoblins
  2 kobolds (D:3)
19 creatures vanquished.

Vanquished Creatures (collateral kills)
  An orc (D:3)
  A bat (D:3)
2 creatures vanquished.

Grand Total: 21 creatures vanquished

Notes
Turn   | Place    | Note
-------+----------+-------------------------------------------
     0 | D:1      | tidbits the Gnoll Transmuter began the quest for the Orb.
     0 | D:1      | Reached XP level 1. HP: 17/17 MP: 6/6
    66 | D:2      | Reached XP level 2. HP: 22/23 MP: 5/7
    73 | D:2      | Learned a level 2 spell: Sticks to Snakes
   129 | D:3      | Noticed Natasha
   160 | D:2      | Found a stormy altar of Qazlal.
   170 | D:3      | Reached XP level 3. HP: 7/28 MP: 6/9
   185 | D:2      | Learned a level 3 spell: Spider Form
   235 | D:3      | Reached skill level 5 in Spellcasting
   254 | D:3      | Found a deep blue altar of Sif Muna.
   324 | D:4      | Reached skill level 1 in Short Blades
   324 | D:4      | Reached skill level 1 in Long Blades
   324 | D:4      | Reached skill level 1 in Axes
   324 | D:4      | Reached skill level 1 in Maces & Flails
   324 | D:4      | Reached skill level 1 in Polearms
   324 | D:4      | Reached skill level 1 in Staves
   324 | D:4      | Reached skill level 1 in Slings
   324 | D:4      | Reached skill level 1 in Bows
   324 | D:4      | Reached skill level 1 in Crossbows
   324 | D:4      | Reached skill level 1 in Throwing
   324 | D:4      | Reached skill level 1 in Armour
   324 | D:4      | Reached skill level 1 in Stealth
   324 | D:4      | Reached skill level 1 in Shields
   324 | D:4      | Reached skill level 1 in Invocations
   324 | D:4      | Reached skill level 1 in Evocations
   324 | D:4      | Reached XP level 4. HP: 16/34 MP: 1/11
   330 | D:5      | Entered Level 5 of the Dungeon
   341 | D:4      | Noticed ZomBoFoB's ghost (novice OgGl)
   410 | D:3      | Noticed tsouns's ghost (amateur OpAs)
   439 | D:3      | Reached skill level 1 in Conjurations
   439 | D:3      | Reached skill level 1 in Hexes
   439 | D:3      | Reached skill level 1 in Charms
   439 | D:3      | Reached skill level 1 in Summonings
   439 | D:3      | Reached skill level 1 in Necromancy
   439 | D:3      | Reached skill level 1 in Translocations
   439 | D:3      | Reached skill level 1 in Fire Magic
   439 | D:3      | Reached skill level 1 in Ice Magic
   439 | D:3      | Reached skill level 1 in Air Magic
   439 | D:3      | Reached skill level 1 in Earth Magic
   439 | D:3      | Reached skill level 1 in Poison Magic
   444 | D:3      | Quit the game

Vault maps used:
D:1:      dpeg_arrival_renting
D:2:      nicolae_overflow_hidden_temple, minmay_split_cup_large, uniq_sigmund
D:3:      led_sif_book, lemuel_doored_altar, first_ration,
          kennysheep_small_spiral, uniq_natasha
D:5:      minmay_diamond_boxcup, grunt_dithmenos_shadows,
          minmay_misc_feat_doors, hangedman_abyss_or_decor_passed,
          solitary_fountain, uniq_menkaure

Skill      XL: |  1  2  3  4 |
---------------+-------------+-----
Spellcasting   | 5 |  5.1
Short Blades   | 1 |  1.2
Long Blades    | 1 |  1.2
Axes           | 1 |  1.2
Maces & Flails | 1 |  1.2
Polearms       | 1 |  1.2
Staves         | 1 |  1.2
Slings         | 1 |  1.2
Bows           | 1 |  1.2
Crossbows      | 1 |  1.2
Throwing       | 1 |  1.2
Armour         | 1 |  1.2
Stealth        | 1 |  1.2
Shields        | 1 |  1.2
Invocations    | 1 |  1.4
Evocations     | 1 |  1.2
Conjurations   | 1 |  1.0
Hexes          | 1 |  1.0
Charms         | 1 |  1.0
Summonings     | 1 |  1.0
Necromancy     | 1 |  1.0
Translocations | 1 |  1.0
Fire Magic     | 1 |  1.0
Ice Magic      | 1 |  1.0
Air Magic      | 1 |  1.0
Earth Magic    | 1 |  1.0
Poison Magic   | 1 |  1.0
Fighting       | |  2.8
Dodging        | |  4.7
Unarmed Combat | |  6.6
Transmutations | |  3.9

Action                   |  1- 3 |  4- 6 || total
-------------------------+-------+-------++-------
Melee: Unarmed           |    33 |    24 ||    57
       Bite              |     3 |     1 ||     4
       Headbutt          |     2 |     1 ||     3
       Kick              |     2 |       ||     2
 Cast: Beastly Appendage |     5 |     2 ||     7
       Sticks to Snakes  |     4 |     2 ||     6
       Spider Form       |     3 |     1 ||     4
  Use: Potion            |     1 |     2 ||     3
 Stab: Sleeping          |     1 |       ||     1
Armor: Robe              |     3 |     1 ||     4
Dodge: Dodged            |    26 |    10 ||    36

Table legend:
 A = Spawn XP
 B = Non-spawn XP
 C = Spawn XP percentage of total XP
 D = Spawn monster count
 E = Non-spawn monster count
 F = Spawn count percentage of total count
 G = Total turns spent on level
                    A         B        C        D         E        F      G
               +---------+---------+-------+---------+---------+-------+---------
         Total |       0 |     159 |   0.0 |       0 |      21 |   0.0 |   444
               +---------+---------+-------+---------+---------+-------+---------
           D:1 |       0 |       2 |   0.0 |       0 |       1 |   0.0 |    34
           D:2 |       0 |      15 |   0.0 |       0 |       5 |   0.0 |    91
           D:3 |       0 |      99 |   0.0 |       0 |      14 |   0.0 |   231
           D:4 |       0 |      43 |   0.0 |       0 |       1 |   0.0 |    79
               +---------+---------+-------+---------+---------+-------+---------

Table legend:
 A = Turns spent in this place as a percentage of turns spent in the entire game.
 B = Non-inter-level travel turns spent in this place as a percentage of non-inter-level travel turns spent in the entire game.
 C = Inter-level travel turns spent in this place as a percentage of turns spent in this place.
 D = Turns resting spent in this place as a percentage of non-inter-level travel turns spent in this place.
 E = Turns spent auto-exploring this place as a percentage of non-inter-level travel turns spent in this place.
 F = Non-inter-level travel turns spent in this place divided by the number of levels of this place that you've seen.
                   A       B       C       D       E      F
               +-------+-------+-------+-------+-------+----------------------
         Total | 100.0 | 100.0 |   0.0 |   0.0 |   0.0 |  88.8
       Dungeon | 100.0 | 100.0 |   0.0 |   0.0 |   0.0 |  88.8
               +-------+-------+-------+-------+-------+----------------------

Table legend:
 A = Kills in this place as a percentage of kills in entire the game.
 B = Kills by you in this place as a percentage of kills by you in the entire game.
 C = Kills by friends in this place as a percentage of kills by friends in the entire game.
 D = Other kills in this place as a percentage of other kills in the entire game.
 E = Experience gained in this place as a percentage of experience gained in the entire game.
 F = Experience gained in this place divided by the number of levels of this place that you have seen.
                   A       B       C       D       E      F
               +-------+-------+-------+-------+-------+----------------------
         Total | 100.0 | 100.0 | 100.0 |   N/A | 100.0 |  31.8
       Dungeon | 100.0 | 100.0 | 100.0 |   N/A | 100.0 |  31.8
               +-------+-------+-------+-------+-------+----------------------

Vault maps used:
D:1:      dpeg_arrival_renting
D:2:      nicolae_overflow_hidden_temple, minmay_split_cup_large, uniq_sigmund
D:3:      led_sif_book, lemuel_doored_altar, first_ration,
          kennysheep_small_spiral, uniq_natasha
D:5:      minmay_diamond_boxcup, grunt_dithmenos_shadows,
          minmay_misc_feat_doors, hangedman_abyss_or_decor_passed,
          solitary_fountain, uniq_menkaure
